 Dungeon Crawl Stone Soup version 0.26-a0-652-gafc20e3620 (webtiles) character file.

Game seed: 15690998655549183413

17894 heikuro the Carver (level 12, -26/98 HPs)
             Began as a Formicid Abyssal Knight on Oct 2, 2020.
             Was a High Priest of Lugonu.
             Killed from afar by a rime drake (30 damage)
             ... with a flash freeze
             ... on level 12 of the Dungeon.
             The game lasted 00:23:12 (16815 turns).

heikuro the Carver (Formicid Abyssal Knight)       Turns: 16815, Time: 00:23:13

Health: -26/98     AC: 19    Str: 25    XL:     12   Next: 88%
Magic:  18/20      EV:  9    Int: 13    God:    Lugonu [*****.]
Gold:   938        SH:  5    Dex: 16    Spells: 11/11 levels left

rFire    + . .     SeeInvis +   a - +1 great sword (freeze)
rCold    . . .     Faith    .   g - +0 buckler
rNeg     . . .     Spirit   .   o - +5 chain mail of Trial and Error {rPois Str+4 Stlth-}
rPois    +         Reflect  .   (helmet unavailable)
rElec    .         Harm     .   Q - +0 cloak {MR+}
rCorr    .         Rampage  .   w - +0 pair of gloves
MR       ++...                  (no boots)
Stlth    ..........             (no amulet)
HPRegen  0.26/turn              m - ring of protection from fire
MPRegen  0.17/turn              c - +6 ring of dexterity (curse)

@: no status effects
A: permanent stasis, dig shafts and tunnels, four strong arms, antennae 3
a: Dig, Shaft Self, Depart the Abyss, Bend Space, Banish, Corrupt, Enter the
Abyss, Renounce Religion


You were on level 12 of the Dungeon.
You worshipped Lugonu.
Lugonu was extremely pleased with you.
You visited 2 branches of the dungeon, and saw 13 of its levels.
You visited the Abyss 1 time.
You also visited: Sewer.

You collected 938 gold pieces.

Inventory:

Hand Weapons
 a - a +1 great sword of freezing (weapon)
 O - a +3 short sword of draining
Missiles
 k - 118 sling bullets
 H - 2 throwing nets (quivered)
Armour
 g - a +0 buckler (worn)
 n - a +1 plate armour
 o - the +5 chain mail of Trial and Error (worn) {rPois Str+4 Stlth-}
   (You found it on level 9 of the Dungeon)

   It affects your strength (+4).
   It protects you from poison.
   It makes you less stealthy.
 w - a +0 pair of gloves (worn)
 Q - a +0 cloak of magic resistance (worn)
Jewellery
 c - a cursed +6 ring of dexterity (right hand)
 m - a ring of protection from fire (left hand)
 p - an uncursed ring of flight
 s - an uncursed ring of wizardry
Wands
 j - a wand of paralysis (25)
 u - a wand of flame (55)
 v - a wand of disintegration (36)
 z - a wand of digging (4)
 E - a wand of polymorph (10)
 J - a wand of random effects (17)
 P - a wand of iceblast (5)
Scrolls
 b - 5 scrolls of remove curse
 i - 5 scrolls of fear
 x - a scroll of blinking {unknown}
 y - 4 scrolls of amnesia {unknown}
 A - 3 scrolls of fog {unknown}
 D - 3 scrolls of enchant weapon
 F - a scroll of holy word {unknown}
 L - 2 scrolls of random uselessness {unknown}
 M - 3 scrolls of enchant armour
Potions
 e - 3 potions of lignification
 f - 5 potions of curing
 h - 5 potions of brilliance
 l - 2 potions of might
 q - 2 potions of mutation
 r - 2 potions of flight {unknown}
 t - 2 potions of heal wounds {unknown}
 B - 4 potions of ambrosia {unknown}
 C - 3 potions of stabbing {unknown}
 G - a potion of berserk rage {unknown}
 I - a potion of magic {unknown}


   Skills:
 + Level 10.4 Fighting
 * Level 12.7 Long Blades
 + Level 10.1 Armour
 - Level 1.0 Dodging
 - Level 2.4 Shields
 + Level 11.0 Invocations


You had 11 spell levels left.
You didn't know any spells.
Your spell library contained the following spells:

 Spells                   Type           Power        Failure   Level
 Magic Dart               Conj           #...         83%         1
 Call Imp                 Summ           #.......     93%         2
 Slow                     Hex            #.......     93%         2
 Conjure Flame            Conj/Fire      #.......     99%         3
 Mephitic Cloud           Conj/Pois/Air  #.......     99%         3
 Blink                    Tloc           Unusable     N/A         2

Dungeon Overview and Level Annotations

Branches:
Dungeon (12/15)            Temple (1/1) D:7            Lair (0/6) D:11
    Orc (0/2) D:10          Sewer (visited)

Altars:
Ashenzari
Cheibriados
Dithmenos
Elyvilon
Fedhas
Gozag
Hepliaklqana
Kikubaaqudgha
Makhleb
Nemelex Xobeh
Okawaru
Qazlal
Ru
Sif Muna
Trog
Uskayaw
Vehumet
Wu Jian
Xom
Yredelemnul
Zin
The Shining One
Jiyva

Shops:
D:4 !   D:9 :


Innate Abilities, Weirdness & Mutations

You cannot be hasted, slowed, berserked, paralysed or teleported.
You can dig through walls and to a lower floor.
Your four strong arms can wield two-handed weapons with a shield.
You have a pair of large antennae on your head. (SInv)


Message History

You hit the rime drake. You freeze the rime drake.
The rime drake is lightly wounded.
The ice encasing you melts away.
The rime drake bites you but does no damage.
Found 12 stones.
The rime drake breathes ice at you. The flash freeze misses you.
The rime drake bites you.
* * * LOW HITPOINT WARNING * * *
The rime drake breathes ice at you. The flash freeze hits you!
* * * LOW HITPOINT WARNING * * *
You are encased in ice.
The rime drake bites you but does no damage.
The ice encasing you melts away.
The rime drake bites you but does no damage.
Space bends sharply around you!
The rime drake blinks!
You blink.
The rime drake breathes ice at you. The flash freeze hits you!!
You die...

#....##......#......÷.......#
#....##......#........_..#..#
####....##...k.(#######.....#. #
...#.......§§..................
##..#...(...k...................
.#..#.......h...................
.#..#....z......................
.z./#....##.......÷###########..
.#..#....##.....@..########## ..
.#§##....##.................#
##§##....##.................#
#{.##....##.................#
............................#
............................#
......[.....................#
............................#
#############################


You could see a polar bear, 2 rime drakes and a wight.

Vanquished Creatures
  Kirke (D:11)
  Harold (D:7)
  2 hydras (D:11)
  A two-headed ogre (D:11)
  2 unseen horrors (D:11)
  An ugly thing (D:11)
  Maurice (D:10)
  A gargoyle (D:10)
  2 trolls
  2 hornets
  A slime creature (D:12)
  4 hippogriffs
  Sigmund (D:5)
  A wyvern (D:11)
  4 yaks
  A wraith (D:10)
  4 hogs (D:12)
  Eustachio (D:3)
  Grum (D:10)
  Duvessa (D:5)
  2 ice beasts
  3 orc warriors (D:10)
  2 black bears
  3 sky beasts
  3 phantoms
  3 wolves (D:10)
  6 ogres
  A crocodile (D:11)
  2 centaurs
  7 big kobolds
  Blork the orc (D:4)
  2 bullfrogs
  4 gnoll sergeants
  Dowan (D:5)
  2 water moccasin zombies
  A scorpion (D:11)
  11 killer bees
  A howler monkey (D:3)
  5 wights (D:9)
  2 centaur zombies
  A quasit (D:8)
  2 bullfrog zombies (D:10)
  6 orc priests
  A hound (D:6)
  2 centaur skeletons
  3 jellies (D:12)
  8 iguanas
  11 worker ants
  9 orc wizards
  Terence (D:2)
  2 hound skeletons (D:4)
  9 gnolls
  19 adders
  2 white imps
  2 ufetubi
  2 oozes
  An adder zombie (D:7)
  4 worms
  4 dart slugs
  7 leopard geckos
  37 orcs
  4 ball pythons
  3 bat zombies (D:4)
  10 giant cockroaches
  3 hobgoblins
  18 jackals
  18 kobolds
  4 quokkas
  10 bats
  7 frilled lizards
  4 goblins
  A leopard gecko skeleton (D:5)
  2 quokka skeletons
  5 rats
  2 rat zombies (D:4)
319 creatures vanquished.

Vanquished Creatures (others)
  A wight (D:12)
  15 plants (Sewer)
16 creatures vanquished.

Grand Total: 335 creatures vanquished

Notes
Turn   | Place    | Note
-------+----------+-------------------------------------------
     0 | Abyss:1  | heikuro the Formicid Abyssal Knight began the quest for the
                  | Orb.
     0 | Abyss:1  | Reached XP level 1. HP: 18/18 MP: 2/2
    33 | Abyss:1  | Noticed a wretched star
    36 | Abyss:1  | Noticed a raiju
    39 | D:1      | Escaped the Abyss
    77 | D:1      | Reached skill level 1 in Dodging
   365 | D:1      | Reached XP level 2. HP: 24/24 MP: 3/3
  1251 | D:2      | Reached XP level 3. HP: 27/29 MP: 4/4
  1382 | D:2      | Reached * piety under Lugonu
  1588 | D:2      | Noticed Terence
  1599 | D:2      | Killed Terence
  1599 | D:2      | Reached skill level 3 in Long Blades
  1599 | D:2      | Reached skill level 1 in Shields
  1599 | D:2      | Reached XP level 4. HP: 37/37 MP: 4/6
  2245 | D:2      | Reached XP level 5. HP: 42/42 MP: 7/7
  2396 | D:3      | Reached ** piety under Lugonu
  3192 | D:4      | Found a broken altar of Ashenzari.
  3214 | D:4      | Reached XP level 6. HP: 40/48 MP: 8/8
  3217 | D:4      | Reached skill level 4 in Long Blades
  3307 | D:4      | Found a glowing drain.
  3352 | D:4      | Noticed Blork the orc
  3354 | D:4      | Noticed a phantom
  3356 | Sewer    | Entered a sewer
  3881 | Sewer    | Reached *** piety under Lugonu
  4248 | D:3      | Killed a phantom
  4248 | D:3      | Reached XP level 7. HP: 9/55 MP: 9/9
  4507 | D:4      | Noticed Eustachio
  4533 | D:3      | Killed Eustachio
  4533 | D:3      | Reached skill level 5 in Long Blades
  4804 | D:4      | Reached skill level 5 in Fighting
  4815 | D:4      | Killed Blork the orc
  4815 | D:4      | Reached XP level 8. HP: 21/62 MP: 11/11
  5084 | D:4      | Found Kisok's Distillery.
  5337 | D:4      | Found an ancient bone altar of Kikubaaqudgha.
  5392 | D:5      | Entered Level 5 of the Dungeon
  5477 | D:5      | Noticed Duvessa
  5477 | D:5      | Noticed Dowan
  5509 | D:5      | Killed Duvessa
  5524 | D:5      | Killed Dowan
  5524 | D:5      | Reached skill level 6 in Long Blades
  5524 | D:5      | Reached skill level 5 in Invocations
  6162 | D:5      | Reached skill level 5 in Armour
  6177 | D:5      | Reached **** piety under Lugonu
  6183 | D:5      | Noticed Sigmund
  6199 | D:5      | Killed Sigmund
  6199 | D:5      | Reached XP level 9. HP: 32/69 MP: 13/13
  6677 | D:5      | Found an iron altar of Okawaru.
  6689 | D:5      | Found a shadowy altar of Dithmenos.
  6689 | D:5      | Found an opulent altar of Gozag.
  6690 | D:5      | Found a sparkling altar of Nemelex Xobeh.
  6778 | D:6      | Reached skill level 7 in Long Blades
  6972 | D:6      | Got a steaming hand axe
  6973 | D:6      | Identified the +4 hand axe of Poverty {freeze, rF+} (You
                  | found it on level 6 of the Dungeon)
  7125 | D:6      | Found a radiant altar of Vehumet.
  7148 | D:6      | Found a glowing silver altar of Zin.
  7148 | D:6      | Found a white marble altar of Elyvilon.
  7149 | D:6      | Found a glowing golden altar of the Shining One.
  7404 | D:7      | Noticed Harold
  7430 | D:7      | Killed Harold
  7430 | D:7      | Reached skill level 8 in Long Blades
  7568 | D:7      | Reached XP level 10. HP: 71/79 MP: 15/15
  7608 | D:7      | Found a staircase to the Ecumenical Temple.
  7621 | Temple   | Entered the Ecumenical Temple
  8715 | D:8      | Reached skill level 9 in Long Blades
 10443 | D:9      | Got a transparent chain mail
 10458 | D:9      | Identified the +5 chain mail of Trial and Error {rPois
                  | Str+4 Stlth-} (You found it on level 9 of the Dungeon)
 10524 | D:9      | Found Gifeguq's Book Emporium.
 10610 | D:9      | Found a basalt altar of Yredelemnul.
 10654 | D:9      | Found a hide-covered altar of Uskayaw.
 11641 | D:9      | Found a hazy altar of Hepliaklqana.
 11683 | D:10     | Entered Level 10 of the Dungeon
 11728 | D:10     | Noticed Grum
 11732 | D:10     | Reached skill level 10 in Long Blades
 11741 | D:10     | Killed Grum
 11741 | D:10     | Reached XP level 11. HP: 14/86 MP: 17/17
 11744 | D:10     | Reached ***** piety under Lugonu
 12221 | D:10     | Noticed a two-headed ogre
 12223 | D:10     | Banished a two-headed ogre
 12274 | D:10     | Found a staircase to the Orcish Mines.
 13035 | D:10     | Noticed Maurice
 13041 | D:10     | Killed Maurice
 13104 | D:10     | Reached skill level 11 in Long Blades
 13755 | D:11     | Noticed a red ugly thing
 13762 | D:11     | Killed a red ugly thing
 14135 | D:11     | Found a staircase to the Lair.
 14157 | D:11     | Noticed a cyan ugly thing
 14159 | D:11     | Noticed an unseen horror
 14162 | D:11     | Noticed a six-headed hydra
 14575 | D:11     | Noticed a two-headed ogre
 14588 | D:11     | Killed a two-headed ogre
 14688 | D:11     | Reached XP level 12. HP: 87/96 MP: 19/19
 14752 | D:11     | Killed an unseen horror
 14752 | D:11     | Reached skill level 10 in Invocations
 15062 | D:11     | Killed a six-headed hydra
 15211 | D:11     | Noticed a five-headed hydra
 15222 | D:11     | Killed a five-headed hydra
 15222 | D:11     | Reached skill level 12 in Long Blades
 15564 | D:11     | Noticed an unseen horror
 15583 | D:11     | Reached skill level 10 in Fighting
 15594 | D:11     | Killed an unseen horror
 16166 | D:12     | Noticed Kirke
 16188 | D:11     | Killed Kirke
 16238 | D:12     | Found a viscous altar of Jiyva.
 16262 | D:12     | Reached skill level 10 in Armour
 16788 | D:12     | Noticed an ice dragon
 16800 | D:12     | Banished an ice dragon
 16808 | D:12     | HP: 4/98 [rime drake/flash freeze (8)]
 16815 | D:12     | Killed from afar by a rime drake

Illustrated notes

Levels and vault maps discovered:
D:1:      ebering_hopf_link, layout_basic, hangedman_decor_push,
          minmay_pentomino_q4
D:2:      minmay_chambers_of_ones, layout_loops_ring, uniq_terence
D:3:      layout_loops_cross, wad_floor_pattern_2
D:4:      layout_rooms, nicolae_ashenzari_panopticon,
          lemuel_zombie_altar_kikubaaqudgha, cheibrodos_sewer_entry_drain,
          serial_shops, nicolae_shop_crystal, uniq_eustachio, uniq_blork_the_orc
D:5:      layout_basic, minitemple, solitary_fountain, uniq_duvessa,
          uniq_sigmund
D:6:      layout_basic, good_gods_mini_temple, kennysheep_mini
D:7:      layout_basic, minmay_temple_entry_mist, uniq_harold
D:8:      layout_loops_corners
D:9:      layout_gridville, lemuel_coloured_pillars_altar,
          kennysheep_little_box, kennysheep_mini_moat, serial_shops, shop
D:10:     layout_roguey, kennysheep_orc_monster_closet_entryway, uniq_grum,
          uniq_maurice
D:11:     cheibrodos_fzero, layout_basic
D:12:     minmay_coctagon, layout_stronghold, jiyva_altar_1, uniq_kirke,
          uniq_josephine
Temple:   compressed_dpeg_triangle_lava_temple

Skill      XL: |  1  2  3  4  5  6  7  8  9 10 11 12 |
---------------+-------------------------------------+-----
Dodging        | 1 |  1.0
Long Blades    | 3 4 5 6 8 10 11 12 | 12.7
Shields        | 1 2 |  2.4
Invocations    | 3 4 5 7 8 9 11 | 11.0
Armour         | 3 4 5 6 7 9 10 | 10.1
Fighting       | 4 5 6 7 8 9 10 | 10.4

Action                   |  1- 3 |  4- 6 |  7- 9 | 10-12 || total
-------------------------+-------+-------+-------+-------++-------
Melee: Falchion          |    59 |       |    80 |    45 ||   184
       Short sword       |       |   301 |   257 |   240 ||   798
       Great sword       |       |       |       |   341 ||   341
Invok: Depart the Abyss  |     1 |       |       |       ||     1
       Banish            |       |       |       |     4 ||     4
       Bend Space        |       |       |       |     1 ||     1
 Abil: Dig               |       |     1 |       |     4 ||     5
  Use: Scroll            |       |    12 |       |     4 ||    16
Armor: Ring mail         |     3 |       |       |       ||     3
       Scale mail        |     8 |       |       |       ||     8
       Plate armour      |    31 |   267 |   198 |   164 ||   660
       Chain mail        |       |       |       |   289 ||   289
Dodge: Dodged            |    21 |    78 |    81 |   291 ||   471
Block: Buckler           |     9 |    67 |    78 |   174 ||   328
       Rpst.: Falchion   |     4 |       |     3 |     3 ||    10
       Great sword       |       |       |       |    69 ||    69

Table legend: (Time is in decaauts)
 A = Elapsed time spent in this place.
 B = Non-inter-level travel time spent in this place.
 C = Inter-level travel time spent in this place.
 D = Time resting spent in this place.
 E = Time spent auto-exploring this place.
 F = Levels seen in this place.
 G = Mean time per level.
                   A        B        C        D        E       F      G
               +--------+--------+--------+--------+--------+-----+--------+
         Total |  16997 |  16437 |    560 |   5528 |   7017 |  15 | 1133.1 |
       Dungeon |  15754 |  15215 |    539 |   5412 |   6222 |  12 | 1312.8 |
        Temple |    189 |    168 |     21 |      0 |    168 |   1 |  189.0 |
         Abyss |     39 |     39 |      0 |      0 |     31 |   1 |   39.0 |
         Sewer |   1013 |   1013 |      0 |    116 |    596 |   1 | 1013.0 |
               +--------+--------+--------+--------+--------+-----+--------+

Top non-repeatable levels by time:
     D:8: 2253 daAuts
    D:10: 2178 daAuts
    D:11: 1762 daAuts
     D:3: 1520 daAuts
     D:5: 1359 daAuts
     D:2: 1250 daAuts
     D:1: 1185 daAuts
     D:9: 1174 daAuts
   Sewer: 1013 daAuts
     D:7: 913 daAuts
    D:12: 901 daAuts
     D:6: 677 daAuts
     D:4: 576 daAuts
  Temple: 189 daAuts
 Abyss:1: 39 daAuts
